AoeStats
← Efthiron

Arabia

507100964Analyzed
1v1 RM · 17d ago on Sep 16, 2026· 47m 44s· 2 players
Game mode
Random Map
Map size
Tiny (2 player)
Population
200
Speed
Normal
Resources
Standard
Victory
Conquest
Starting age
Dark Age
Ending age
Imperial Age
RankedLock teamsTeams togetherTeam positionsShared explorationLock speedFull tech treeHidden civsTurbo modeCheats
Victory
Defeat
🇲🇽 Franks · Mexico
1169
+15
🇱🇧 Italians · Lebanon
1138
-15
Kanso
9:58 Loom
12:25 Feudal Age
18:05 Castle Age
16:28 Horse Collar
16:52 Double-Bit Axe
17:32 Gold Mining
19:49 Fletching
29:03 Wheelbarrow
29:51 Bodkin Arrow
34:21 Imperial Age
32:09 Hand Cart
31:59 Scale Mail Armor
31:57 Pikeman
33:01 Forging
33:28 Chain Mail Armor
33:45 Squires
34:51 Iron Casting
35:52 Plate Mail Armor
37:10 Blast Furnace
36:34 Conscription
36:50 Conscription
42:08 Bow Saw
Efthiron
7:02 Loom
9:29 Feudal Age
10:03 Double-Bit Axe
14:44 Wheelbarrow
19:04 Castle Age
19:08 Forging
20:06 Bow Saw
21:17 Iron Casting
24:55 Town Watch
27:29 Gold Mining
28:15 Stone Mining
29:40 Scale Barding Armor
29:42 Town Patrol
30:18 Hand Cart
32:03 Chain Barding Armor
32:35 Fletching
33:31 Gold Shaft Mining
36:24 Imperial Age
34:07 Bodkin Arrow
35:50 Light Cavalry
36:57 Ballistics
37:30 Cavalier
38:47 Plate Barding Armor
40:23 Blast Furnace
40:11 Masonry
42:26 Husbandry
43:22 Paladin
44:34 Herbal Medicine
Connection lost

Rejoining the realm…

Still unreachable

The connection could not be restored.

Session expired

The server has moved on; the page needs a fresh start.